 Dungeon Crawl Stone Soup version 0.29.0-4-gdea44cf6ec (webtiles) character file.

Game seed: 3993129771482553706

7773 qw the Grappler (level 11, 0/107 HPs)
             Began as a Troll Cinder Acolyte on Sept 1, 2022.
             Was an Initiate of Ignis.
             Slain by a vampire (6 damage)
             ... summoned by an orange crystal statue
             ... on level 9 of the Dungeon.
             The game lasted 00:05:07 (8239 turns).

qw the Grappler (Troll Cinder Acolyte)              Turns: 8239, Time: 00:05:08

Health: 0/107      AC:  7    Str: 28    XL:     11   Next: 1%
Magic:  5/11       EV: 10    Int: -3 (10) God:    Ignis [......]
Gold:   354        SH:  0    Dex: 13    Spells: 12/12 levels left

rFire   + . .      SeeInvis .     - Unarmed
rCold   . . .      Faith    .   (no shield)
rNeg    . . .      Spirit   .   m - +1 robe {Archmagi}
rPois   .          Reflect  .   (helmet restricted)
rElec   .          Harm     .   j - +1 cloak
rCorr   .          Rampage  .   (gloves unavailable)
Will    .....      Archmagi +   (boots unavailable)
Stlth   ++........ Clarity  +   (no amulet)
HPRegen 1.07/turn               Y - +6 ring of dexterity
MPRegen 0.12/turn               o - +4 ring of slaying {mikee}

@: slowed, lost intelligence, unable to read, very slow
A: large, unfitting armour, claws 3, regeneration 1, shaggy fur 1, tough skin 1,
thin skeletal structure 1, clarity, sense surroundings 1
a: Renounce Religion, Rising Flame


You were on level 9 of the Dungeon.
You worshipped Ignis.
Ignis was noncommittal.
You visited 1 branch of the dungeon, and saw 9 of its levels.

You collected 1290 gold pieces.
You spent 936 gold pieces at shops.


Innate Abilities, Weirdness & Mutations

You are too large for most types of armour.
You have claws for hands.
Your natural rate of healing is unusually fast.
You are covered in fur. (AC +1)
You have tough skin. (AC +1)
You have a somewhat thin skeletal structure. (Dex +2, Stealth+)
You possess an exceptional clarity of mind.
You passively map a small area around you.


   Skills:
 - Level 6.6 Fighting
 - Level 3.2 Throwing
 - Level 1.0 Armour
 - Level 3.0 Dodging
 + Level 14.4 Unarmed Combat
 - Level 1.0 Spellcasting
 - Level 2.1 Fire Magic


You had 12 spell levels left.
You didn't know any spells.
Your spell library contained the following spells:

 Spells                   Type           Power      Damage    Failure   Level
 Scorch                   Fire           0%         2d5       38%         2

Inventory:

Missiles
 d - 14 boomerangs
 q - 2 javelins (quivered)
Armour
 c - +0 steam dragon scales
 j - a +1 cloak (worn)
 m - a +1 robe of the Archmagi (worn)
Jewellery
 b - a ring of ice
 o - a +4 ring of slaying (right claw) {mikee}
 Y - a +6 ring of dexterity (left claw)
Scrolls
 e - 2 scrolls of enchant weapon
 g - a scroll of identify
Potions
 a - a potion of might
 f - 3 potions of curing
 h - a potion of lignification {unknown}
 k - 4 potions of mutation

Dungeon Overview and Level Annotations

Branches:
Dungeon (9/15)             Temple (0/1) D:4             Orc (0/2) D:9
   Lair: D:8-11

Altars:
Cheibriados
Fedhas
Kikubaaqudgha
Makhleb
Jiyva

Shops:
D:6 =   D:9 (

Annotations:
D:8 2 transporters


Message History

You mangle the orc!!
You kill the orc!
The orc's corpse dissolves into shadows!
The orc priest casts a cantrip, but nothing happens.
Something hits you! Something bites you!
Something draws strength from your injuries!
You scratch the orc.
The orc is lightly wounded.
Something hits you. Something bites you.
Something draws strength from your injuries!
The orc closely misses you.
You barely miss the orc.
The orc is lightly wounded.
Something hits you! Something bites you!
Something draws strength from your injuries!
The orc closely misses you.
You completely miss the orc. You claw the orc.
The orc is almost dead.
Something hits you but does no damage. Something bites you.
Something draws strength from your injuries!
The orc barely misses you. The orc priest closely misses you.
You claw the orc!
You kill the orc!
The orc's corpse dissolves into shadows!
Something hits you. Something bites you!
Something draws strength from your injuries!
The orc priest hits you but does no damage.
You eviscerate the orc priest!!!
You kill the orc priest!
The orc priest's corpse dissolves into shadows!
Something hits you but does no damage. Something completely misses you.
You scratch something. Something hits you! Something bites you!
Something draws strength from your injuries!
Something hits you. Something completely misses you.
You scratch something. Something hits you.
Something bites you but does no damage.
You miss something. Something hits you. Something bites you.
You die...

. ,,.....###...........}...# .
**#....##.......#.))....#
.#####.............).).....#
..................#..###..##
............#........#.....## *
.}.....#...##............##.....
......####........\...?=$.#.###.
.##..## #......{.((.?888)..#
.#..## #..#...@###.)888}..#
...## ##.##..### #.$888(..# #)##
#.####.# ##o)[$...### #.## ##.#
#.## ##...#....### ##.## ##.##
#..# #.####...... #..###..# ##.#
#.## ##o.... ##.......## #.## *
* ##..#. #.........### #..# ,
#.o.. ............# #..# ,,**
##O..


There were no monsters in sight!

Vanquished Creatures
  A two-headed ogre (D:9)
  Pikel (D:9)
  Psyche (D:8)
  A shadow (D:9)
  11 yaks
  A wraith (D:6)
  2 steam dragons (D:9)
  Menkaure (D:7)
  An acid dragon (D:9)
  A water moccasin (D:6)
  4 sky beasts
  2 orc warriors
  4 black bears
  3 ogres
  4 centaurs
  A phantom (D:6)
  A kobold brigand (D:7)
  4 necrophages
  4 bullfrogs
  4 scorpions
  5 wights (D:6)
  5 killer bees (D:9)
  2 howler monkeys
  4 hounds
  3 jellies (D:6)
  3 orc priests
  2 gnoll boudas
  4 iguanas
  10 orc wizards
  12 gnolls
  11 adders
  2 shadow imps
  2 white imps
  A dart slug (D:1)
  22 orcs
  8 endoplasms
  A giant cockroach (D:4)
  8 goblins
  12 hobgoblins
  7 jackals (D:3)
  4 quokkas
  15 ball pythons
  3 bats
  2 frilled lizards (D:1)
  14 kobolds
  4 rats
218 creatures vanquished.

Notes
Turn   | Place    | Note
-------+----------+-------------------------------------------
     0 | D:1      | qw the Troll Cinder Acolyte began the quest for the Orb.
     0 | D:1      | Reached XP level 1. HP: 22/22 MP: 1/1
     0 | D:1      | 0 ||| qw: Version: 0.1-a-97-g2dd2ca4
     0 | D:1      | 0 ||| qw: Game counter: 4712
     0 | D:1      | 0 ||| qw: Always use a shield: true
     0 | D:1      | 0 ||| qw: God list: Okawaru
     0 | D:1      | 0 ||| qw: Allow faded altars: false
     0 | D:1      | 0 ||| qw: Do Orc after D:15 true
     0 | D:1      | 0 ||| qw: Do second Lair branch before Depths: true
     0 | D:1      | 0 ||| qw: Lair rune preference: random
     0 | D:1      | 0 ||| qw: Plans: Normal
     0 | D:1      | 0 ||| PLANNING D:1-11
    43 | D:1      | 43 ||| Stepping ~*~*~tactically~*~*~ (stealth).
   145 | D:1      | Reached XP level 2. HP: 26/29 MP: 2/2
   322 | D:1      | 322 ||| Stepping ~*~*~tactically~*~*~ (hiding).
   464 | D:1      | Reached skill level 4 in Unarmed Combat
   486 | D:1      | 486 ||| Stepping ~*~*~tactically~*~*~ (stealth).
   697 | D:1      | 697 ||| Stepping ~*~*~tactically~*~*~ (stealth).
   743 | D:1      | 743 ||| DROPPING +6 ring of intelligence.
   744 | D:1      | 744 ||| READING scroll labelled JEOTTO IDWYALIFU.
   745 | D:1      | 745 ||| READING scroll labelled OSOTAZ HIHI.
   746 | D:1      | 746 ||| READING scroll labelled QONNANK QURGHU.
   747 | D:1      | 747 ||| READING scroll labelled CETROGUOHE.
   747 | D:1      | Identified a scroll of acquirement
   747 | D:1      | 747 ||| ACQUIRING 818 gold pieces
   747 | D:1      | Acquired 818 gold pieces
   783 | D:2      | 783 ||| STAIRDANCE
   787 | D:1      | Reached XP level 3. HP: 36/36 MP: 3/3
   840 | D:2      | 840 ||| Stepping ~*~*~tactically~*~*~ (outnumbered).
   841 | D:2      | 841 ||| Stepping ~*~*~tactically~*~*~ (outnumbered).
   842 | D:2      | 842 ||| INVOKING Fiery Armour.
   843 | D:2      | 843 ||| Stepping ~*~*~tactically~*~*~ (outnumbered).
   850 | D:2      | 850 ||| Stepping ~*~*~tactically~*~*~ (outnumbered).
   998 | D:2      | 998 ||| Stepping ~*~*~tactically~*~*~ (stealth).
  1001 | D:2      | Reached XP level 4. HP: 44/44 MP: 4/4
  1053 | D:2      | Reached skill level 5 in Unarmed Combat
  1069 | D:2      | Found a faded altar of an unknown god.
  1179 | D:2      | 1179 ||| UPGRADING to +0 cloak.
  1184 | D:2      | 1184 ||| UPGRADING to ring of resist corrosion.
  1185 | D:2      | 1185 ||| READING scroll labelled HUQOBE TU EGH.
  1207 | D:2      | 1207 ||| READING scroll labelled ZOSHANIFEM.
  1208 | D:2      | 1208 ||| READING scroll labelled RASEUCS KEKHLUR.
  1213 | D:2      | 1213 ||| READING scroll labelled FIN DYNUT.
  1214 | D:2      | 1214 ||| DRINKING 2 metallic cyan potions.
  1315 | D:2      | 1315 ||| DROPPING potion of ambrosia.
  1548 | D:3      | 1548 ||| Stepping ~*~*~tactically~*~*~ (stealth).
  1793 | D:3      | 1793 ||| Stepping ~*~*~tactically~*~*~ (stealth).
  1872 | D:3      | 1872 ||| READING scroll of enchant armour.
  1872 | D:3      | 1872 ||| ENCHANTING +0 cloak.
  2078 | D:3      | 2078 ||| READING scroll labelled ZICRALO HYRHI.
  2079 | D:3      | 2079 ||| DRINKING 4 amethyst potions.
  2079 | D:3      | Gained mutation: You passively map a small area around you.
                  | [potion of mutation]
  2079 | D:3      | Gained mutation: You have hidden genetic potential. [potion
                  | of mutation]
  2127 | D:4      | Noticed a scorpion
  2131 | D:4      | Killed a scorpion
  2132 | D:4      | Reached skill level 6 in Unarmed Combat
  2132 | D:4      | Reached XP level 5. HP: 50/50 MP: 5/5
  2170 | D:4      | Found a staircase to the Ecumenical Temple.
  2193 | D:4      | Gained mutation: You possess an exceptional clarity of
                  | mind. [hidden potential]
  2309 | D:4      | 2309 ||| Stepping ~*~*~tactically~*~*~ (stealth).
  2312 | D:4      | 2312 ||| Stepping ~*~*~tactically~*~*~ (hiding).
  2317 | D:4      | 2317 ||| Stepping ~*~*~tactically~*~*~ (outnumbered).
  2319 | D:4      | Reached XP level 6. HP: 59/59 MP: 6/6
  2320 | D:4      | Identified the +6 chain mail "Wirack" {rCorr SInv}
  2323 | D:4      | Reached skill level 7 in Unarmed Combat
  2323 | D:4      | 2323 ||| Stepping ~*~*~tactically~*~*~ (outnumbered).
  2323 | D:4      | Gained mutation: You have a somewhat thin skeletal
                  | structure. (Dex +2, Stealth+) [hidden potential]
  2323 | D:4      | Lost mutation: You have hidden genetic potential. [hidden
                  | potential expressed]
  2324 | D:4      | 2324 ||| Stepping ~*~*~tactically~*~*~ (outnumbered).
  2325 | D:4      | 2325 ||| Stepping ~*~*~tactically~*~*~ (outnumbered).
  2326 | D:4      | 2326 ||| Stepping ~*~*~tactically~*~*~ (outnumbered).
  2328 | D:4      | 2328 ||| Stepping ~*~*~tactically~*~*~ (outnumbered).
  2329 | D:4      | 2329 ||| Stepping ~*~*~tactically~*~*~ (outnumbered).
  2360 | D:4      | Identified the +3 rapier of the Median {vorpal, rF+}
  2447 | D:4      | 2447 ||| Stepping ~*~*~tactically~*~*~ (stealth).
  2448 | D:4      | 2448 ||| Stepping ~*~*~tactically~*~*~ (stealth).
  2480 | D:4      | 2480 ||| DROPPING ring of flight.
  2481 | D:4      | 2481 ||| READING 3 scrolls labelled GUMAUSCHIPS.
  2482 | D:4      | 2482 ||| READING scroll labelled DICKOM JUNAIT.
  2483 | D:4      | 2483 ||| READING scroll labelled KIGGAR PIOFALL.
  2484 | D:4      | 2484 ||| READING scroll labelled TAMEX WUTS.
  2485 | D:4      | 2485 ||| READING 2 scrolls of identify.
  2485 | D:4      | 2485 ||| IDENTIFYING white potion
  2486 | D:4      | 2486 ||| DROPPING potion of degeneration.
  2511 | D:5      | Entered Level 5 of the Dungeon
  2560 | D:5      | 2560 ||| Stepping ~*~*~tactically~*~*~ (stealth).
  2561 | D:5      | 2561 ||| Stepping ~*~*~tactically~*~*~ (stealth).
  2622 | D:5      | 2622 ||| Stepping ~*~*~tactically~*~*~ (hiding).
  2724 | D:5      | 2724 ||| Stepping ~*~*~tactically~*~*~ (hiding).
  2733 | D:5      | 2733 ||| INVOKING Fiery Armour.
  2736 | D:5      | Reached skill level 1 in Dodging
  2736 | D:5      | 2736 ||| Stepping ~*~*~tactically~*~*~ (hiding).
  2739 | D:5      | 2739 ||| Stepping ~*~*~tactically~*~*~ (hiding).
  2920 | D:5      | 2920 ||| Stepping ~*~*~tactically~*~*~ (hiding).
  3123 | D:5      | Reached XP level 7. HP: 66/66 MP: 7/7
  3413 | D:5      | 3413 ||| READING scroll labelled TYUPRI VAFA.
  3414 | D:5      | 3414 ||| READING 3 scrolls of identify.
  3414 | D:5      | 3414 ||| IDENTIFYING blue potion
  3415 | D:5      | 3415 ||| READING 2 scrolls of identify.
  3415 | D:5      | 3415 ||| IDENTIFYING murky red potion
  3416 | D:5      | 3416 ||| DROPPING potion of berserk rage.
  3417 | D:5      | 3417 ||| READING scroll of teleportation.
  3440 | D:6      | Reached skill level 8 in Unarmed Combat
  3536 | D:6      | Found Hirudgh's Jewellery Shoppe.
  3539 | D:6      | 3539 ||| BUYING +6 ring of dexterity (468 gold).
  3539 | D:6      | Bought a +6 ring of dexterity for 468 gold pieces
  3539 | D:6      | 3539 ||| BUYING +6 ring of dexterity (468 gold).
  3539 | D:6      | Bought a +6 ring of dexterity for 468 gold pieces
  3539 | D:6      | 3539 ||| SHOPLISTING +6 ring of strength (468 gold, have
                  | 84).
  3539 | D:6      | 3539 ||| SHOPLISTING amulet of reflection (390 gold, have
                  | 84).
  3539 | D:6      | 3539 ||| SHOPLISTING ring of Perfectionism {rC+ Will-
                  | Int+5} (497 gold, have 84).
  3539 | D:6      | 3539 ||| SHOPLISTING ring of fire (325 gold, have 84).
  3539 | D:6      | 3539 ||| SHOPLISTING ring of protection from fire (325
                  | gold, have 84).
  3549 | D:6      | Reached skill level 3 in Fighting
  3558 | D:6      | 3558 ||| Stepping ~*~*~tactically~*~*~ (stealth).
  3562 | D:6      | 3562 ||| Stepping ~*~*~tactically~*~*~ (stealth).
  3588 | D:6      | 3588 ||| Stepping ~*~*~tactically~*~*~ (stealth).
  3600 | D:6      | 3600 ||| Stepping ~*~*~tactically~*~*~ (stealth).
  3602 | D:6      | 3602 ||| Stepping ~*~*~tactically~*~*~ (stealth).
  3621 | D:6      | 3621 ||| Stepping ~*~*~tactically~*~*~ (stealth).
  3635 | D:6      | Reached skill level 9 in Unarmed Combat
  3635 | D:6      | Reached XP level 8. HP: 66/75 MP: 8/8
  3640 | D:6      | Reached skill level 1 in Throwing
  3646 | D:6      | 3646 ||| FLEEEEING.
  3647 | D:6      | 3647 ||| FLEEEEING.
  3648 | D:6      | 3648 ||| FLEEEEING.
  3649 | D:6      | 3649 ||| FLEEEEING.
  3650 | D:6      | 3650 ||| FLEEEEING.
  3651 | D:6      | 3651 ||| FLEEEEING.
  3652 | D:6      | 3652 ||| FLEEEEING.
  3653 | D:6      | 3653 ||| FLEEEEING.
  3654 | D:6      | 3654 ||| FLEEEEING.
  3655 | D:6      | 3655 ||| FLEEEEING.
  3657 | D:6      | 3657 ||| FLEEEEING.
  3658 | D:6      | 3658 ||| FLEEEEING.
  3659 | D:6      | 3659 ||| FLEEEEING.
  3660 | D:6      | 3660 ||| FLEEEEING.
  3661 | D:6      | 3661 ||| FLEEEEING.
  3662 | D:6      | 3662 ||| FLEEEEING.
  3751 | D:6      | 3751 ||| Stepping ~*~*~tactically~*~*~ (stealth).
  3753 | D:6      | 3753 ||| Stepping ~*~*~tactically~*~*~ (stealth).
  3765 | D:6      | Reached skill level 10 in Unarmed Combat
  4004 | D:6      | Identified the +8 quarterstaff of Onuim {freeze, Will+
                  | Stlth+}
  4019 | D:6      | 4019 ||| Stepping ~*~*~tactically~*~*~ (stealth).
  4022 | D:6      | 4022 ||| Stepping ~*~*~tactically~*~*~ (stealth).
  4197 | D:6      | Reached XP level 9. HP: 82/85 MP: 9/9
  4223 | D:6      | Reached skill level 11 in Unarmed Combat
  4376 | D:6      | 4376 ||| UPGRADING to +1 robe of the Archmagi.
  4386 | D:6      | 4386 ||| DROPPING +0 robe.
  4387 | D:6      | 4387 ||| UPGRADING to +6 ring of dexterity.
  4388 | D:6      | 4388 ||| UPGRADING to +6 ring of dexterity.
  4390 | D:6      | 4390 ||| DROPPING ring of positive energy.
  4391 | D:6      | 4391 ||| UPGRADING to +4 ring of slaying {mikee}.
  4393 | D:6      | 4393 ||| DROPPING +6 ring of dexterity.
  4394 | D:6      | 4394 ||| DROPPING ring of resist corrosion.
  4395 | D:6      | 4395 ||| DRINKING 2 purple potions.
  4396 | D:6      | 4396 ||| DROPPING potion of brilliance.
  4427 | D:7      | Noticed Menkaure
  4428 | D:7      | 4428 ||| Stepping ~*~*~tactically~*~*~ (stealth).
  4434 | D:7      | 4434 ||| Stepping ~*~*~tactically~*~*~ (stealth).
  4448 | D:7      | 4448 ||| Stepping ~*~*~tactically~*~*~ (stealth).
  4450 | D:7      | 4450 ||| Stepping ~*~*~tactically~*~*~ (stealth).
  4455 | D:7      | 4455 ||| Stepping ~*~*~tactically~*~*~ (stealth).
  4457 | D:7      | 4457 ||| Stepping ~*~*~tactically~*~*~ (stealth).
  4473 | D:7      | Reached skill level 3 in Throwing
  4516 | D:7      | 4516 ||| INVOKING Fiery Armour.
  4956 | D:7      | 4956 ||| Stepping ~*~*~tactically~*~*~ (hiding).
  5081 | D:7      | 5081 ||| INVOKING Fiery Armour.
  5091 | D:7      | Reached skill level 12 in Unarmed Combat
  5096 | D:7      | 5096 ||| FLEEEEING.
  5222 | D:7      | Found an ancient bone altar of Kikubaaqudgha.
  5222 | D:7      | Found a blossoming altar of Fedhas.
  5232 | D:7      | Reached skill level 3 in Dodging
  5241 | D:7      | 5241 ||| Stepping ~*~*~tactically~*~*~ (hiding).
  5241 | D:7      | Found a burning altar of Makhleb.
  5266 | D:7      | Found a snail-covered altar of Cheibriados.
  5268 | D:7      | Found a faded altar of an unknown god.
  5308 | D:7      | 5308 ||| Stepping ~*~*~tactically~*~*~ (outnumbered).
  5309 | D:7      | 5309 ||| Stepping ~*~*~tactically~*~*~ (outnumbered).
  5367 | D:7      | Killed Menkaure
  5629 | D:7      | 5629 ||| READING 2 scrolls of identify.
  5629 | D:7      | 5629 ||| IDENTIFYING silvery potion
  5713 | D:8      | Found a flagged portal.
  5830 | D:8      | 5830 ||| Stepping ~*~*~tactically~*~*~ (stealth).
  5832 | D:8      | 5832 ||| Stepping ~*~*~tactically~*~*~ (stealth).
  5834 | D:8      | 5834 ||| Stepping ~*~*~tactically~*~*~ (stealth).
  5836 | D:8      | 5836 ||| Stepping ~*~*~tactically~*~*~ (stealth).
  5847 | D:8      | Reached XP level 10. HP: 91/96 MP: 10/10
  5958 | D:8      | 5958 ||| Stepping ~*~*~tactically~*~*~ (stealth).
  5960 | D:8      | 5960 ||| FLEEEEING.
  5961 | D:8      | 5961 ||| FLEEEEING.
  5962 | D:8      | 5962 ||| FLEEEEING.
  5963 | D:8      | 5963 ||| Stepping ~*~*~tactically~*~*~ (hiding).
  5979 | D:8      | 5979 ||| Stepping ~*~*~tactically~*~*~ (stealth).
  5985 | D:8      | 5985 ||| Stepping ~*~*~tactically~*~*~ (stealth).
  6032 | D:8      | Found a transporter.
  6034 | D:8      | Found a transporter.
  6034 | D:8      | Found a viscous altar of Jiyva.
  6072 | D:8      | Noticed Psyche
  6079 | D:8      | 6079 ||| Stepping randomly (disturbance).
  6085 | D:8      | Killed Psyche
  6132 | D:8      | 6132 ||| Stepping ~*~*~tactically~*~*~ (stealth).
  6142 | D:8      | Noticed a glowing orange brain
  6149 | D:8      | 6149 ||| Stepping ~*~*~tactically~*~*~ (stealth).
  6151 | D:8      | 6151 ||| Stepping ~*~*~tactically~*~*~ (stealth).
  6281 | D:8      | Reached skill level 13 in Unarmed Combat
  6610 | D:8      | 6610 ||| READING 2 scrolls of teleportation.
  6671 | D:9      | 6671 ||| Stepping ~*~*~tactically~*~*~ (hiding).
  6804 | D:9      | Reached skill level 1 in Armour
  6804 | D:9      | 6804 ||| Stepping ~*~*~tactically~*~*~ (stealth).
  6806 | D:9      | 6806 ||| Stepping ~*~*~tactically~*~*~ (stealth).
  6832 | D:9      | Found a staircase to the Orcish Mines.
  6958 | D:9      | Noticed an orange crystal statue
  6959 | D:9      | 6959 ||| INVOKING Fiery Armour.
  6971 | D:9      | 6971 ||| Stepping ~*~*~tactically~*~*~ (outnumbered).
  6979 | D:9      | 6979 ||| Stepping ~*~*~tactically~*~*~ (outnumbered).
  6980 | D:9      | Noticed a two-headed ogre
  6980 | D:9      | 6980 ||| Stepping ~*~*~tactically~*~*~ (outnumbered).
  6981 | D:9      | 6981 ||| Stepping ~*~*~tactically~*~*~ (outnumbered).
  6982 | D:9      | 6982 ||| Stepping ~*~*~tactically~*~*~ (outnumbered).
  6983 | D:9      | 6983 ||| Stepping ~*~*~tactically~*~*~ (outnumbered).
  6985 | D:9      | 6985 ||| FLEEEEING.
  6988 | D:9      | 6988 ||| Stepping ~*~*~tactically~*~*~ (hiding).
  6989 | D:9      | 6989 ||| FLEEEEING.
  7001 | D:9      | 7001 ||| FLEEEEING.
  7003 | D:9      | 7003 ||| FLEEEEING.
  7004 | D:9      | 7004 ||| FLEEEEING.
  7009 | D:9      | 7009 ||| FLEEEEING.
  7010 | D:9      | 7010 ||| FLEEEEING.
  7011 | D:9      | 7011 ||| FLEEEEING.
  7012 | D:9      | 7012 ||| FLEEEEING.
  7018 | D:9      | 7018 ||| FLEEEEING.
  7019 | D:9      | 7019 ||| FLEEEEING.
  7020 | D:9      | 7020 ||| FLEEEEING.
  7021 | D:9      | 7021 ||| FLEEEEING.
  7022 | D:9      | 7022 ||| FLEEEEING.
  7023 | D:9      | 7023 ||| FLEEEEING.
  7124 | D:9      | 7124 ||| Stepping ~*~*~tactically~*~*~ (stealth).
  7131 | D:9      | 7131 ||| Stepping ~*~*~tactically~*~*~ (stealth).
  7141 | D:9      | 7141 ||| Stepping ~*~*~tactically~*~*~ (stealth).
  7143 | D:9      | 7143 ||| Stepping ~*~*~tactically~*~*~ (stealth).
  7147 | D:9      | 7147 ||| Stepping ~*~*~tactically~*~*~ (hiding).
  7154 | D:9      | 7154 ||| Stepping ~*~*~tactically~*~*~ (stealth).
  7155 | D:9      | 7155 ||| Stepping ~*~*~tactically~*~*~ (stealth).
  7166 | D:9      | Noticed a two-headed ogre
  7170 | D:9      | 7170 ||| Stepping ~*~*~tactically~*~*~ (outnumbered).
  7171 | D:9      | 7171 ||| Stepping ~*~*~tactically~*~*~ (outnumbered).
  7172 | D:9      | 7172 ||| Stepping ~*~*~tactically~*~*~ (outnumbered).
  7174 | D:9      | 7174 ||| INVOKING Fiery Armour.
  7175 | D:9      | 7175 ||| Stepping ~*~*~tactically~*~*~ (outnumbered).
  7176 | D:9      | 7176 ||| Stepping ~*~*~tactically~*~*~ (outnumbered).
  7177 | D:9      | 7177 ||| Stepping ~*~*~tactically~*~*~ (outnumbered).
  7178 | D:9      | 7178 ||| Stepping ~*~*~tactically~*~*~ (outnumbered).
  7179 | D:9      | 7179 ||| Stepping ~*~*~tactically~*~*~ (outnumbered).
  7180 | D:9      | 7180 ||| Stepping ~*~*~tactically~*~*~ (outnumbered).
  7181 | D:9      | 7181 ||| Stepping ~*~*~tactically~*~*~ (outnumbered).
  7182 | D:9      | 7182 ||| Stepping ~*~*~tactically~*~*~ (outnumbered).
  7185 | D:9      | 7185 ||| Stepping ~*~*~tactically~*~*~ (outnumbered).
  7185 | D:9      | HP: 18/96 [two-headed ogre/+0 giant club (25)]
  7185 | D:9      | HP: 3/96 [two-headed ogre/+0 giant club (15)]
  7186 | D:9      | 7186 ||| READING scroll of teleportation.
  7187 | D:9      | 7187 ||| Stepping ~*~*~tactically~*~*~ (outnumbered).
  7197 | D:9      | 7197 ||| Stepping ~*~*~tactically~*~*~ (outnumbered).
  7198 | D:9      | 7198 ||| Stepping ~*~*~tactically~*~*~ (outnumbered).
  7199 | D:9      | 7199 ||| Stepping ~*~*~tactically~*~*~ (outnumbered).
  7199 | D:9      | HP: 8/96 [yak (5)]
  7200 | D:9      | 7200 ||| Stepping ~*~*~tactically~*~*~ (outnumbered).
  7201 | D:9      | 7201 ||| Stepping ~*~*~tactically~*~*~ (outnumbered).
  7204 | D:9      | Reached skill level 14 in Unarmed Combat
  7208 | D:9      | HP: 7/96 [yak (9)]
  7323 | D:9      | 7323 ||| Stepping ~*~*~tactically~*~*~ (outnumbered).
  7324 | D:9      | 7324 ||| Stepping ~*~*~tactically~*~*~ (outnumbered).
  7325 | D:9      | 7325 ||| Stepping ~*~*~tactically~*~*~ (outnumbered).
  7327 | D:9      | 7327 ||| Stepping ~*~*~tactically~*~*~ (outnumbered).
  7329 | D:9      | HP: 23/98 [two-headed ogre/+0 giant club (8)]
  7330 | D:9      | 7330 ||| INVOKING Fiery Armour.
  7333 | D:9      | 7333 ||| Stepping ~*~*~tactically~*~*~ (outnumbered).
  7334 | D:9      | 7334 ||| Stepping ~*~*~tactically~*~*~ (outnumbered).
  7336 | D:9      | Killed a two-headed ogre
  7337 | D:9      | Reached skill level 6 in Fighting
  7446 | D:9      | Noticed Pikel
  7448 | D:9      | 7448 ||| Stepping ~*~*~tactically~*~*~ (stealth).
  7451 | D:9      | 7451 ||| Stepping ~*~*~tactically~*~*~ (stealth).
  7460 | D:9      | Killed Pikel
  7482 | D:9      | Found Vurucked's Weapon Boutique.
  7514 | D:9      | 7514 ||| INVOKING Fiery Armour.
  7519 | D:9      | 7519 ||| Stepping ~*~*~tactically~*~*~ (outnumbered).
  7521 | D:9      | 7521 ||| Stepping ~*~*~tactically~*~*~ (outnumbered).
  7522 | D:9      | 7522 ||| Stepping ~*~*~tactically~*~*~ (outnumbered).
  7529 | D:9      | Reached XP level 11. HP: 71/107 MP: 11/11
  7593 | D:9      | 7593 ||| Stepping ~*~*~tactically~*~*~ (stealth).
  7596 | D:9      | 7596 ||| Stepping ~*~*~tactically~*~*~ (outnumbered).
  7616 | D:9      | 7616 ||| Stepping ~*~*~tactically~*~*~ (outnumbered).
  7617 | D:9      | 7617 ||| Stepping ~*~*~tactically~*~*~ (outnumbered).
  7618 | D:9      | 7618 ||| Stepping ~*~*~tactically~*~*~ (outnumbered).
  7619 | D:9      | 7619 ||| INVOKING Fiery Armour.
  7620 | D:9      | 7620 ||| Stepping ~*~*~tactically~*~*~ (outnumbered).
  7621 | D:9      | 7621 ||| Stepping ~*~*~tactically~*~*~ (outnumbered).
  7622 | D:9      | 7622 ||| Stepping ~*~*~tactically~*~*~ (outnumbered).
  7623 | D:9      | 7623 ||| Stepping ~*~*~tactically~*~*~ (outnumbered).
  7627 | D:9      | 7627 ||| Stepping ~*~*~tactically~*~*~ (outnumbered).
  7628 | D:9      | 7628 ||| Stepping ~*~*~tactically~*~*~ (outnumbered).
  7629 | D:9      | 7629 ||| Stepping ~*~*~tactically~*~*~ (outnumbered).
  7630 | D:9      | 7630 ||| Stepping ~*~*~tactically~*~*~ (outnumbered).
  7632 | D:9      | 7632 ||| Stepping ~*~*~tactically~*~*~ (outnumbered).
  7633 | D:9      | 7633 ||| Stepping ~*~*~tactically~*~*~ (outnumbered).
  7720 | D:9      | 7720 ||| Stepping ~*~*~tactically~*~*~ (stealth).
  7730 | D:9      | 7730 ||| Stepping ~*~*~tactically~*~*~ (outnumbered).
  7731 | D:9      | 7731 ||| Stepping ~*~*~tactically~*~*~ (outnumbered).
  7736 | D:9      | 7736 ||| Stepping ~*~*~tactically~*~*~ (outnumbered).
  7737 | D:9      | 7737 ||| Stepping ~*~*~tactically~*~*~ (outnumbered).
  7738 | D:9      | 7738 ||| Stepping ~*~*~tactically~*~*~ (outnumbered).
  7739 | D:9      | 7739 ||| Stepping ~*~*~tactically~*~*~ (outnumbered).
  7741 | D:9      | 7741 ||| Stepping ~*~*~tactically~*~*~ (outnumbered).
  7742 | D:9      | 7742 ||| Stepping ~*~*~tactically~*~*~ (outnumbered).
  7769 | D:9      | 7769 ||| Stepping ~*~*~tactically~*~*~ (stealth).
  7778 | D:9      | 7778 ||| Stepping ~*~*~tactically~*~*~ (hiding).
  7833 | D:9      | 7833 ||| INVOKING Fiery Armour.
  7838 | D:9      | 7838 ||| Stepping ~*~*~tactically~*~*~ (outnumbered).
  7840 | D:9      | 7840 ||| Stepping ~*~*~tactically~*~*~ (outnumbered).
  7841 | D:9      | 7841 ||| Stepping ~*~*~tactically~*~*~ (outnumbered).
  7842 | D:9      | 7842 ||| Stepping ~*~*~tactically~*~*~ (outnumbered).
  7844 | D:9      | 7844 ||| Stepping ~*~*~tactically~*~*~ (outnumbered).
  7846 | D:9      | 7846 ||| Stepping ~*~*~tactically~*~*~ (outnumbered).
  7921 | D:9      | 7921 ||| Stepping ~*~*~tactically~*~*~ (outnumbered).
  7922 | D:9      | 7922 ||| Stepping ~*~*~tactically~*~*~ (outnumbered).
  7923 | D:9      | 7923 ||| Stepping ~*~*~tactically~*~*~ (outnumbered).
  7924 | D:9      | 7924 ||| Stepping ~*~*~tactically~*~*~ (outnumbered).
  7925 | D:9      | 7925 ||| Stepping ~*~*~tactically~*~*~ (outnumbered).
  7926 | D:9      | 7926 ||| Stepping ~*~*~tactically~*~*~ (outnumbered).
  7927 | D:9      | 7927 ||| Stepping ~*~*~tactically~*~*~ (outnumbered).
  7929 | D:9      | 7929 ||| Stepping ~*~*~tactically~*~*~ (outnumbered).
  7973 | D:9      | 7973 ||| INVOKING Fiery Armour.
  7983 | D:9      | 7983 ||| Stepping ~*~*~tactically~*~*~ (outnumbered).
  7984 | D:9      | 7984 ||| Stepping ~*~*~tactically~*~*~ (outnumbered).
  8072 | D:9      | Lost intelligence.
  8081 | D:9      | Noticed a two-headed ogre
  8086 | D:9      | 8086 ||| Stepping ~*~*~tactically~*~*~ (outnumbered).
  8087 | D:9      | 8087 ||| INVOKING Fiery Armour.
  8088 | D:9      | 8088 ||| Stepping ~*~*~tactically~*~*~ (outnumbered).
  8090 | D:9      | 8090 ||| Stepping ~*~*~tactically~*~*~ (outnumbered).
  8091 | D:9      | 8091 ||| Stepping ~*~*~tactically~*~*~ (outnumbered).
  8092 | D:9      | 8092 ||| Stepping ~*~*~tactically~*~*~ (outnumbered).
  8093 | D:9      | 8093 ||| Stepping ~*~*~tactically~*~*~ (outnumbered).
  8094 | D:9      | 8094 ||| Stepping ~*~*~tactically~*~*~ (outnumbered).
  8097 | D:9      | HP: 21/107 [wraith[an orange crystal statue] (9)]
  8168 | D:9      | 8168 ||| FLEEEEING.
  8169 | D:9      | 8169 ||| FLEEEEING.
  8170 | D:9      | 8170 ||| FLEEEEING.
  8172 | D:9      | 8172 ||| Stepping ~*~*~tactically~*~*~ (outnumbered).
  8173 | D:9      | 8173 ||| Stepping ~*~*~tactically~*~*~ (outnumbered).
  8174 | D:9      | 8174 ||| Stepping ~*~*~tactically~*~*~ (outnumbered).
  8175 | D:9      | 8175 ||| Stepping ~*~*~tactically~*~*~ (outnumbered).
  8225 | D:9      | 8225 ||| Stepping ~*~*~tactically~*~*~ (outnumbered).
  8226 | D:9      | 8226 ||| Stepping ~*~*~tactically~*~*~ (outnumbered).
  8227 | D:9      | 8227 ||| Stepping ~*~*~tactically~*~*~ (hiding).
  8237 | D:9      | HP: 18/107 [something (9)]
  8239 | D:9      | HP: 6/107 [something (5)]
  8239 | D:9      | Slain by a vampire

Levels and vault maps discovered:
D:1:      nzn_arrival_settlement, layout_loops_ring
D:2:      layout_basic, shapermc_ecumenical_altar_notcrosses
D:3:      layout_loops_ring, minmay_snake_closets
D:4:      layout_rooms, minmay_temple_entry_statues_pillars
D:5:      layout_loops_ring, minmay_misc_feat_tiny
D:6:      cheibrodos_barr_body, layout_layer_cave, serial_shops,
          nicolae_shop_behind_doors, grunt_decor_arrowhead, minivault_23
D:7:      layout_basic, chequers_temple_overflow_minitemple, st_stairs_1,
          uniq_menkaure
D:8:      gammafunk_jiyva_shrine, layout_cave_pods, enter_bailey_3, uniq_psyche
D:9:      layout_layer_cave, orc_0_dummy, serial_shops, shop, solitary_fountain,
          minmay_protected_statue, uniq_pikel

Skill      XL: |  1  2  3  4  5  6  7  8  9 10 |
---------------+-------------------------------+-----
Unarmed Combat | 4 6 7 9 10 12 14 | 14.4
Dodging        | 1 3 |  3.0
Fighting       | 3 4 5 6 |  6.6
Throwing       | 1 3 |  3.2
Armour         | 1 |  1.0
Spellcasting   | |  1.0
Fire Magic     | |  2.1

Action                   |  1- 3 |  4- 6 |  7- 9 | 10-12 || total
-------------------------+-------+-------+-------+-------++-------
Melee: Unarmed           |    76 |   131 |   191 |   261 ||   659
       Punch             |     2 |     4 |     9 |    19 ||    34
Throw: Boomerang         |    36 |    50 |    50 |       ||   136
       Javelin           |       |       |    27 |    17 ||    44
Invok: Fiery Armour      |     1 |     1 |     2 |     8 ||    12
  Use: Scroll            |     4 |    11 |     5 |     2 ||    22
       Potion            |       |     2 |     1 |       ||     3
 Stab: Sleeping          |       |       |     1 |       ||     1
Armor: Robe              |    27 |    44 |    64 |   155 ||   290
Dodge: Dodged            |    24 |    36 |    61 |   158 ||   279

Table legend:
 A = Non-vault XP
 B = Vault XP
 C = Vault XP percentage of total XP
 D = Non-vault monster count
 E = Vault monster count
 F = Vault count percentage of total count
                 A         B        C        D         E       F
            +---------+---------+-------+---------+---------+-------
      Total |    8578 |    2527 |  22.8 |     185 |      33 |  15.1
            +---------+---------+-------+---------+---------+-------
        D:1 |      42 |       0 |   0.0 |      25 |       0 |   0.0
        D:2 |      64 |       0 |   0.0 |      23 |       0 |   0.0
        D:3 |      47 |      40 |  46.0 |      13 |      12 |  48.0
        D:4 |     290 |       0 |   0.0 |      13 |       0 |   0.0
        D:5 |     272 |       0 |   0.0 |      18 |       0 |   0.0
        D:6 |    1361 |    1018 |  42.8 |      17 |      11 |  39.3
        D:7 |    1459 |     420 |  22.4 |      26 |       4 |  13.3
        D:8 |    1130 |     398 |  26.0 |      25 |       5 |  16.7
        D:9 |    3913 |     651 |  14.3 |      25 |       1 |   3.8
            +---------+---------+-------+---------+---------+-------
